[Event "Team 45 45 League T52"]
[Site "Internet Chess Club"]
[Date "2012.04.07"]
[Round "8"]
[White "megaj"]
[Black "lasker25"]
[Result "1/2-1/2"]
[WhiteElo "1953"]
[BlackElo "1948"]
[Opening "French: advance, Paulsen attack"]
[ECO "C02"]
[Time "09:00:18"]
[TimeControl "2700+45"]

1. e4 e6 2. d4 d5 3. e5 c5 4. c3 Nc6 5. Nf3 Qb6 6. a3 Nh6 7. b4 cxd4 8. Bxh6
gxh6 9. cxd4 Bg7 10. Nc3 O-O 11. Rc1 f6 12. exf6 Rxf6 13. Bd3 Bd7 14. Na4 Qd8
15. Nc5 Be8 16. Nxb7 Qe7 17. Nc5 Bh5 18. Be2 Bxf3 19. Bxf3 Nxd4 20. Bg4 Rg6 21.
O-O Qg5 22. h3 Rf8 23. Nd7 Rd8 24. Nc5 h5 25. f4 Qh4 26. Bxh5 Rg3 27. Bg4 h5 28.
Bxe6+ Nxe6 29. Nxe6 Qxh3 30. Qe2 Re8 31. Rf3 Rxe6 32. Rxg3 Qf5 {Game drawn by
mutual agreement} 1/2-1/2

[Event "Team 45 45 League T52"]
[Site "Internet Chess Club"]
[Date "2012.04.08"]
[Round "8"]
[White "ramirozp"]
[Black "CheeryCherry"]
[Result "1/2-1/2"]
[WhiteElo "1755"]
[BlackElo "1516"]
[Opening "Ruy Lopez: exchange, Keres variation"]
[ECO "C68"]
[Time "10:09:14"]
[TimeControl "2700+45"]

1. e4 e5 2. Nf3 Nc6 3. Bb5 a6 4. Bxc6 dxc6 5. Nc3 Bg4 6. h3 Bxf3 7. Qxf3 Qf6 8.
Qg3 Bd6 9. d3 Qg6 10. Qxg6 hxg6 11. Be3 Nf6 12. a3 O-O-O 13. O-O-O b6 14. d4
exd4 15. Bxd4 c5 16. Be3 Rde8 17. f3 Nh5 18. Nd5 Kb7 19. Rhe1 f5 20. Bg5 fxe4
21. Rxe4 Rxe4 22. fxe4 Re8 23. Re1 Ng3 24. Nc3 b5 25. Bh4 Nh5 26. Kb1 b4 27. Nd1
Nf4 28. Bg5 Nxg2 29. Rg1 Nf4 30. Bxf4 Bxf4 31. axb4 cxb4 32. Rxg6 Rxe4 33. Nf2
Re1+ 34. Ka2 Bd6 35. Rxg7 Re2 36. Rf7 Rxc2 37. h4 Bg3 38. Nd3 a5 39. h5 Rd2 40.
Nc5+ Kc6 41. Ne4 Rd3 42. h6 Be5 43. h7 Rh3 44. Rf5 Bd4 45. Ng5 Rh2 46. Kb3 Rxb2+
47. Kc4 Bc3 48. Rxa5 Rh2 49. Rc5+ Kb7 50. Rf5 Rh4+ 51. Kb3 Rh5 52. Ka4 Bd2 53.
Ne4 Rxh7 54. Nxd2 Rh4 55. Kb5 Kc8 56. Rf7 Kd8 57. Nb3 Re4 58. Nc5 Re7 {Game
drawn by mutual agreement} 1/2-1/2

[Event "Team 45 45 League T52"]
[Site "Internet Chess Club"]
[Date "2012.04.08"]
[Round "8"]
[White "Muravey"]
[Black "mellizas2003"]
[Result "1-0"]
[WhiteElo "1790"]
[BlackElo "1700"]
[Opening "Scotch game"]
[ECO "C45"]
[Time "12:01:25"]
[TimeControl "2700+45"]

1. e4 e5 2. Nf3 Nc6 3. d4 exd4 4. Nxd4 Nxd4 5. Qxd4 Qf6 6. e5 Qb6 7. Qxb6 axb6
8. a3 Ne7 9. Nc3 c6 10. Ne4 Ng6 11. f4 d5 12. exd6 f5 13. Nc3 Bxd6 14. g3 O-O
15. Bc4+ Kh8 16. Be3 b5 17. Bb3 b4 18. Na4 bxa3 19. bxa3 Re8 20. Kf2 Be6 21.
Rhd1 Bxb3 22. cxb3 Be7 23. Nc5 Bxc5 24. Bxc5 Red8 25. Bd6 Rd7 26. Bb4 Rad8 27.
Ke2 Kg8 28. Rxd7 Rxd7 29. Rd1 Rxd1 30. Kxd1 Kf7 31. Kd2 Ke6 32. Kc3 Nh8 33. Kd4
b6 34. Bf8 g6 35. a4 Nf7 36. b4 Nd8 37. a5 bxa5 38. bxa5 Kd7 39. a6 Kc7 40. Ke5
Kb6 41. Be7 Nf7+ 42. Kf6 Nh6 43. Kg7 Ng4 44. h3 Nf2 45. Bc5+ Kxc5 46. a7 Kd4 47.
a8=Q c5 48. Kxh7 {Black resigns} 1-0

[Event "Team 45 45 League T52"]
[Site "Internet Chess Club"]
[Date "2012.04.09"]
[Round "8"]
[White "BigH"]
[Black "CaoCao"]
[Result "1-0"]
[WhiteElo "2151"]
[BlackElo "1872"]
[Opening "Réti: King's Indian attack (Barcza system)"]
[ECO "A07"]
[Time "13:29:12"]
[TimeControl "2700+45"]

1. Nf3 d5 2. g3 c6 3. Bg2 Nd7 4. c4 e5 5. cxd5 cxd5 6. O-O Ngf6 7. b3 Bc5 8. Bb2
Qe7 9. Nxe5 Nxe5 10. d4 Nf3+ 11. Bxf3 Bd6 12. Nc3 Be6 13. Re1 O-O 14. e4 dxe4
15. Nxe4 Nxe4 16. Bxe4 Qd7 17. Qh5 f5 18. Bd3 g6 19. Qf3 Bf7 20. Bc4 Rfe8 21.
Qc3 Bxc4 22. d5 Re4 23. Rxe4 fxe4 24. bxc4 {Black resigns} 1-0

[Event "Team 45 45 League T52"]
[Site "Internet Chess Club"]
[Date "2012.04.05"]
[Round "8"]
[White "loudoun"]
[Black "zap2"]
[Result "1-0"]
[WhiteElo "1815"]
[BlackElo "1712"]
[Opening "Caro-Kann: Panov-Botvinnik attack, 5...e6"]
[ECO "B14"]
[Time "09:05:20"]
[TimeControl "2700+45"]

1. e4 c6 2. d4 d5 3. exd5 cxd5 4. c4 Nf6 5. Nc3 e6 6. Nf3 Bb4 7. cxd5 Nxd5 8.
Bd2 Nc6 9. Bd3 O-O 10. O-O Be7 11. a3 Bf6 12. Be3 a6 13. Rc1 Qa5 14. Bb1 Rd8 15.
Qd3 g6 16. b4 Qc7 17. Ne4 Bg7 18. Ba2 h6 19. Rfd1 Qb8 20. h4 Nce7 21. h5 gxh5
22. Ng3 Nxe3 23. Qxe3 Nd5 24. Qe4 Nf6 25. Qh4 b5 26. Ne5 Bb7 27. Nxh5 Nxh5 28.
Qxh5 Bxe5 29. dxe5 Rxd1+ 30. Rxd1 Qf8 31. Rd7 Be4 32. Bxe6 Bg6 33. Qxg6+ Kh8 34.
Qf6+ Qg7 35. Rxf7 Qxf6 36. exf6 Re8 37. Re7 Rf8 38. f7 Kg7 39. Re8 {Black
resigns} 1-0

[Event "Team 45 45 League T52"]
[Site "Internet Chess Club"]
[Date "2012.04.08"]
[Round "8"]
[White "jantonio"]
[Black "hewdondada"]
[Result "0-1"]
[WhiteElo "1721"]
[BlackElo "1802"]
[Opening "Réti: King's Indian attack, Yugoslav variation"]
[ECO "A05"]
[Time "12:03:57"]
[TimeControl "2700+45"]

1. Nf3 Nf6 2. g3 d5 3. Bg2 c6 4. O-O Bg4 5. d3 Nbd7 6. Nbd2 e5 7. h3 Bh5 8. Re1
Bc5 9. Nb3 Bb6 10. Bg5 Qc7 11. Rc1 O-O 12. c4 dxc4 13. Rxc4 h6 14. g4 hxg5 15.
gxh5 Nxh5 16. Nxg5 Nf4 17. e3 Nxg2 18. Qh5 Nf6 19. Qe2 Nxe1 20. Rh4 Qe7 21. Nd2
Ba5 22. Nde4 Nxe4 23. Qh5 Qxg5+ {White resigns} 0-1

[Event "Team 45 45 League T52"]
[Site "Internet Chess Club"]
[Date "2012.04.07"]
[Round "8"]
[White "RamRock"]
[Black "gandre"]
[Result "1-0"]
[WhiteElo "1775"]
[BlackElo "1653"]
[Opening "French: exchange variation"]
[ECO "C01"]
[Time "20:01:34"]
[TimeControl "2700+45"]

1. e4 e6 2. d4 d5 3. exd5 exd5 4. Nf3 Bg4 5. Bd3 Nc6 6. c3 Bd6 7. O-O Nge7 8.
Re1 O-O 9. Bxh7+ Kh8 10. Bd3 a6 11. Nbd2 Qd7 12. Qc2 Bf5 13. Ne5 Qe6 14. Ndf3
Bxe5 15. Nxe5 Bxd3 16. Qxd3 Rae8 17. Bd2 Qc8 18. Re3 Qf5 19. Qxf5 Nxf5 20. Nxf7+
Kg8 21. Rxe8 Rxe8 22. Ng5 Nd6 23. Re1 Rxe1+ 24. Bxe1 Ne7 25. f3 Nef5 26. Kf2 c6
27. b3 Kf8 28. Bd2 Ke7 29. g4 Nh4 30. Kg3 Ng6 31. h4 Nf8 32. h5 Kf6 33. Nh3 Ne6
34. g5+ Kf5 35. h6 gxh6 36. gxh6 Kg6 37. Nf4+ Nxf4 38. Bxf4 Nf5+ 39. Kg4 Ne7 40.
Bd2 Ng8 41. Bc1 Ne7 42. Bg5 Ng8 43. h7 Kxh7 44. Kf5 Kg7 45. Ke6 Kg6 46. f4
{Black resigns} 1-0

[Event "Team 45 45 League T52"]
[Site "Internet Chess Club"]
[Date "2012.04.08"]
[Round "8"]
[White "primerpaso"]
[Black "RedAttack"]
[Result "1-0"]
[WhiteElo "1948"]
[BlackElo "1903"]
[Opening "English opening"]
[ECO "A17"]
[Time "15:24:23"]
[TimeControl "2700+45"]

1. c4 Nf6 2. Nc3 e6 3. g3 Bc5 4. d4 Bb4 5. Bg2 O-O 6. Bd2 d5 7. Nf3 Nc6 8. cxd5
exd5 9. O-O Be6 10. a3 Ba5 11. Qc2 Bxc3 12. Bxc3 Qd7 13. Rfd1 Ne4 14. b4 f6 15.
b5 Ne7 16. Bb4 Rac8 17. Nd2 f5 18. Nf3 Rfe8 19. Bxe7 Rxe7 20. a4 c5 21. dxc5
Rxc5 22. Qb2 Qd6 23. Nd4 Rec7 24. b6 Rd7 25. bxa7 Ra5 26. Nb5 Qb6 27. Qd4 Qd8
28. Rac1 Bf7 29. Rc2 b6 30. Rdc1 Nc5 31. Qb4 Ra6 32. a5 Rxa5 33. Qxa5 bxa5 34.
Rxc5 Rxa7 35. Rc8 Ra8 36. Nd6 Rxc8 37. Rxc8 Qxc8 38. Nxc8 a4 39. Ne7+ Kf8 40.
Nxf5 a3 41. Nd4 a2 42. Nc2 Ke7 43. Kf1 Kd6 44. Ke1 Kc5 45. Kd2 Kc4 46. Na1 Kb4
47. e3 Kc4 48. Bf1+ Kc5 49. Kc3 g5 50. Bd3 h5 51. f4 gxf4 52. gxf4 Kd6 53. h4
Kc5 54. Nb3+ Kd6 55. Kd4 Bg8 56. Bg6 {Black resigns} 1-0

[Event "Team 45 45 League T52"]
[Site "Internet Chess Club"]
[Date "2012.04.06"]
[Round "8"]
[White "Reeza"]
[Black "IceBox"]
[Result "1-0"]
[WhiteElo "1924"]
[BlackElo "1840"]
[Opening "Caro-Kann: advance variation"]
[ECO "B12"]
[Time "12:00:09"]
[TimeControl "2700+45"]

1. e4 c6 2. d4 d5 3. e5 Bf5 4. h4 h5 5. c4 dxc4 6. Bxc4 e6 7. Nc3 Nd7 8. Nge2
Be7 9. Ng3 Bg6 10. Be2 Bxh4 11. Nxh5 Bxh5 12. Bxh5 g6 13. Be2 Bf6 14. Rxh8 Bxh8
15. Ne4 Qh4 16. Qd3 O-O-O 17. Nd6+ Kc7 18. Qb3 b6 19. Nxf7 Rf8 20. Qxe6 Qxd4 21.
Qd6+ Qxd6 22. exd6+ {Black resigns} 1-0

[Event "Team 45 45 League T52"]
[Site "Internet Chess Club"]
[Date "2012.04.10"]
[Round "8"]
[White "sombragris35"]
[Black "frank001"]
[Result "1/2-1/2"]
[WhiteElo "1717"]
[BlackElo "1739"]
[Opening "Sicilian: closed"]
[ECO "B23"]
[Time "15:00:04"]
[TimeControl "2700+45"]

1. e4 c5 2. Nc3 d6 3. f4 g6 4. Nf3 Bg7 5. Bb5+ Bd7 6. O-O a6 7. Bc4 e6 8. d3 Ne7
9. Qe1 b5 10. Bb3 Nbc6 11. f5 gxf5 12. exf5 Nxf5 13. Ng5 O-O 14. Nf3 d5 15. a4
c4 16. Ba2 Nb4 17. Bb1 Qb6+ 18. Kh1 Qd6 19. dxc4 dxc4 20. Ne4 Qe7 21. Ng3 Nxg3+
22. Qxg3 Kh8 23. Ne5 f6 24. Nxd7 Qxd7 25. Ra3 f5 26. Qh4 Bf6 27. Qh6 Nd5 28. Rh3
Qg7 29. Qh5 Ra7 30. Bh6 Qf7 31. Bxf8 Qxf8 32. axb5 axb5 33. c3 Rg7 34. Qe2 Qg8
35. Rh6 Rg6 36. Rxg6 hxg6 37. Rf3 Kg7 38. Qf2 Qf7 39. Rh3 Qd7 40. Qd2 Qf7 41.
Bc2 Kf8 42. b3 Bg7 43. bxc4 bxc4 44. Qc1 Qa7 45. Qb2 Nf4 46. Rf3 Ne2 47. Rf1
Bxc3 48. Qb5 Qc7 49. Ba4 Qc8 50. Rf2 Nd4 51. Qe5 Kf7 52. g4 Qa8+ 53. Rg2 Qxa4
54. Qc7+ Ke8 55. gxf5 Qd1+ 56. Rg1 Qf3+ 57. Rg2 Qf1+ 58. Rg1 Qf3+ 59. Rg2 Qf1+
60. Rg1 Qf3+ 61. Rg2 Qf1+ 62. Rg1 {Game drawn by repetition} 1/2-1/2

[Event "Team 45 45 League T52"]
[Site "Internet Chess Club"]
[Date "2012.04.05"]
[Round "8"]
[White "isolani"]
[Black "Heian"]
[Result "1-0"]
[WhiteElo "1552"]
[BlackElo "1754"]
[Opening "Queen's pawn game, Chigorin variation"]
[ECO "A04"]
[Time "19:30:10"]
[TimeControl "2700+45"]

1. Nf3 Nc6 2. d4 d5 3. Bf4 e6 4. e3 f5 5. Be2 Nf6 6. O-O Bd6 7. Ne5 Nb8 8. Nc3
c6 9. Bh5+ g6 10. Bf3 O-O 11. Bg3 Kg7 12. Ne2 Qe7 13. Bf4 Nbd7 14. h4 Ne4 15.
Bxe4 fxe4 16. Bg5 Qe8 17. Ng4 Be7 18. Bh6+ Kg8 19. Bxf8 Qxf8 20. g3 Kg7 21. Nf4
h5 22. Nxe6+ Kf7 23. Nxf8 Kxf8 24. Nh2 Kg7 25. f3 Nf6 26. fxe4 Nxe4 27. Qf3 Be6
28. Qg2 Kh7 29. Nf3 Kh6 30. Ne5 Rg8 31. Nf7+ Kg7 32. Ng5 Nxg5 33. hxg5 Bxg5 34.
Rf4 Re8 35. Raf1 Bf5 36. Qf2 Re7 37. e4 Bxf4 38. exf5 Be3 39. f6+ Kg8 40. fxe7
Bxf2+ 41. Rxf2 {Black resigns} 1-0

[Event "Team 45 45 League T52"]
[Site "Internet Chess Club"]
[Date "2012.04.06"]
[Round "8"]
[White "SlimeDog2"]
[Black "viking99"]
[Result "1-0"]
[WhiteElo "2143"]
[BlackElo "1811"]
[Opening "King's Indian, 3.Nf3"]
[ECO "E60"]
[Time "20:04:55"]
[TimeControl "2700+45"]

1. d4 Nf6 2. c4 g6 3. Nf3 Bg7 4. g3 c5 5. d5 Ne4 6. Qc2 Qa5+ 7. Nbd2 f5 8. Bg2
Na6 9. O-O Nb4 10. Qb3 d6 11. Nxe4 fxe4 12. Ng5 Bf5 13. Nxe4 Qd8 14. a3 Na6 15.
Qxb7 Nc7 16. Qb3 O-O 17. Qc2 Ne8 18. Bd2 Nf6 19. Nxf6+ Bxf6 20. e4 Bd7 21. Bc3
Qc8 22. f4 Qa6 23. Bxf6 exf6 24. Qc3 Rab8 25. Bf3 Ba4 26. Bd1 Rb7 27. b3 Be8 28.
Bc2 Re7 29. g4 Qc8 30. f5 Kg7 31. Kf2 Rh8 32. g5 Re5 33. gxf6+ Kxf6 34. fxg6
hxg6 35. Qf3+ Kg7 36. Kg1 Qd8 37. Rf2 Qh4 38. Raf1 Rg5+ 39. Kh1 Rg3 40. Qd1 Rg4
41. Qa1+ Kh7 42. Rf7+ Bxf7 43. Rxf7+ Kh6 44. Qxh8+ Kg5 45. Qf6+ {Black resigns}
1-0

[Event "Team 45 45 League T52"]
[Site "Internet Chess Club"]
[Date "2012.04.07"]
[Round "8"]
[White "sounix"]
[Black "katikus"]
[Result "1-0"]
[WhiteElo "1902"]
[BlackElo "1804"]
[Opening "Sicilian: Taimanov variation"]
[ECO "B48"]
[Time "22:00:12"]
[TimeControl "2700+45"]

1. e4 c5 2. Nf3 e6 3. d4 cxd4 4. Nxd4 Nc6 5. Nc3 Qc7 6. Be3 a6 7. Bd3 Nxd4 8.
Bxd4 Bc5 9. Bxg7 Qb6 10. O-O Bd4 11. e5 Qxb2 12. Na4 Qxa1 13. Qxa1 Bxa1 14. Rxa1
b5 15. Nb6 Rb8 16. Nxc8 Rxc8 17. Bxh8 Ne7 18. h3 Ng6 19. Bf6 Rc5 20. Bxg6 hxg6
21. Rc1 Rd5 22. c4 Rc5 23. Kf1 bxc4 24. Ke2 Rc6 25. Ke3 d6 26. exd6 Rxd6 27.
Rxc4 Kd7 28. Rd4 Kc6 29. Rxd6+ Kxd6 30. h4 Kd5 31. g4 {Black resigns} 1-0

[Event "Team 45 45 League T52"]
[Site "Internet Chess Club"]
[Date "2012.04.08"]
[Round "8"]
[White "tryanything"]
[Black "Innes"]
[Result "1-0"]
[WhiteElo "1548"]
[BlackElo "1619"]
[Opening "two knights: Max Lange attack"]
[ECO "C55"]
[Time "19:02:34"]
[TimeControl "2700+45"]

1. e4 e5 2. Nf3 Nc6 3. Bc4 Nf6 4. d4 exd4 5. O-O Bc5 6. e5 d5 7. exf6 dxc4 8.
Re1+ Be6 9. Ng5 Qxf6 10. Nxe6 fxe6 11. Qh5+ Kd7 12. Qxc5 Rhf8 13. f3 Qh4 14. Rf1
Rf5 15. Qxc4 Rh5 16. h3 Rf8 17. Qe2 Ne5 18. Nd2 Rf6 19. Ne4 Rg6 20. Bg5 Rgxg5
21. Nxg5 Rxg5 22. f4 Rg3 23. fxe5 Re3 24. Qg4 Qe7 25. Qxd4+ {Black resigns} 1-0

[Event "Team 45 45 League T52"]
[Site "Internet Chess Club"]
[Date "2012.04.10"]
[Round "8"]
[White "WillC"]
[Black "BotanicalKnight"]
[Result "1-0"]
[WhiteElo "1792"]
[BlackElo "1488"]
[Opening "Dutch"]
[ECO "A80"]
[Time "20:05:13"]
[TimeControl "2700+45"]

1. d4 f5 2. Nf3 e6 3. g3 Nf6 4. Bg2 Be7 5. Bg5 d5 6. Nbd2 O-O 7. O-O c6 8. Ne5
Nbd7 9. Nxd7 Bxd7 10. f3 h6 11. Bxf6 Bxf6 12. c3 e5 13. dxe5 Bxe5 14. Kh1 g5 15.
e4 dxe4 16. fxe4 Qe8 17. Nc4 Bc7 18. exf5 Bxf5 19. Nd6 Bxd6 20. Qxd6 Qe6 21. Qb4
Rab8 22. Rae1 Qg6 23. Re7 a5 24. Qc4+ Kh8 25. Qd4+ Kg8 26. Rfe1 Rfe8 27. Qe5 Kf8
28. Qh8+ {Black resigns} 1-0

[Event "Team 45 45 League T52"]
[Site "Internet Chess Club"]
[Date "2012.04.07"]
[Round "8"]
[White "Ptzz"]
[Black "saychess"]
[Result "1-0"]
[WhiteElo "2090"]
[BlackElo "2015"]
[Opening "QGD: Charousek (Petrosian) variation"]
[ECO "D31"]
[Time "12:00:13"]
[TimeControl "2700+45"]

1. c4 e6 2. d4 d5 3. Nc3 Be7 4. cxd5 exd5 5. Bf4 c6 6. e3 Bf5 7. Nge2 Qb6 8. Qd2
Nf6 9. Ng3 Bg6 10. a3 Nbd7 11. b4 O-O 12. Bd3 Nh5 13. Nxh5 Bxh5 14. O-O Nf6 15.
Na4 Qd8 16. Nc5 b6 17. Nb3 Qd7 18. Rfc1 Bg6 19. Bxg6 hxg6 20. Qd3 Rfe8 21. Rc2
Ne4 22. Rac1 Rac8 23. Nd2 Bd6 24. Bxd6 Nxd6 25. a4 b5 26. axb5 cxb5 27. Nb3 Nc4
28. Nc5 Qf5 29. Qxf5 gxf5 30. Ra2 Re7 31. Rca1 Rcc7 32. h4 Kh7 33. g3 f6 34. Kg2
Rf7 35. Ra6 Rce7 36. R1a2 Kg8 37. Ne6 Rd7 38. Rc6 Rd6 39. Rxd6 Nxd6 40. Nf4 Rd7
41. Nxd5 Ne4 42. Nf4 Rc7 43. Nd3 Rc3 44. Nc5 Rc4 45. Nxe4 fxe4 46. Rxa7 Rxb4 47.
g4 Kf8 48. g5 fxg5 49. hxg5 g6 50. Ra6 Kf7 51. Rf6+ Kg7 52. Re6 Rc4 53. Rxe4 Rc7
54. d5 Rb7 55. Rb4 Kf7 56. e4 Ke7 57. e5 Kd7 58. Kf3 Kc7 59. Ke4 Kb6 60. Rb2 Kc5
61. Rc2+ Kb4 62. d6 Ra7 63. e6 Kb3 64. Rc7 Ra1 65. d7 Re1+ 66. Kf3 {Black
resigns} 1-0

[Event "Team 45 45 League T52"]
[Site "Internet Chess Club"]
[Date "2012.04.09"]
[Round "8"]
[White "playwaycool"]
[Black "Jack-ONeill"]
[Result "1-0"]
[WhiteElo "2055"]
[BlackElo "2067"]
[Opening "QGD: classical variation (5.Bf4)"]
[ECO "D37"]
[Time "06:05:02"]
[TimeControl "2700+45"]

1. d4 d5 2. c4 e6 3. Nc3 Nf6 4. Nf3 Be7 5. Bf4 O-O 6. e3 Nbd7 7. a3 dxc4 8. Bxc4
Nb6 9. Bd3 Nbd5 10. Nxd5 exd5 11. Rc1 Bd6 12. Bxd6 Qxd6 13. Qc2 c6 14. Qc5 Ne8
15. O-O Bg4 16. Ne5 Be6 17. b4 f6 18. Nf3 Bg4 19. Nd2 Bd7 20. e4 Qxc5 21. dxc5
Nc7 22. Nb3 Rfe8 23. Rfe1 dxe4 24. Rxe4 Rxe4 25. Bxe4 Re8 26. Bd3 Be6 27. Na5
Bc8 28. Bc4+ Kf8 29. Rd1 Ne6 30. Bxe6 Rxe6 31. Kf1 Ke7 32. Re1 Rxe1+ 33. Kxe1
Ke6 34. Nc4 Bd7 35. Kd2 Kd5 36. Kc3 g5 37. a4 Be6 38. a5 h5 39. Nd6 f5 40. Nxb7
f4 41. Nd6 g4 42. Ne8 Ke5 43. Nd6 h4 44. g3 hxg3 45. hxg3 fxg3 46. fxg3 Kd5 47.
Kd3 Ke5 48. Ke3 Bd7 49. Nc4+ Kd5 50. Nd6 Ke5 51. a6 Be6 52. Kd3 Kd5 53. Kc3 Ke5
54. b5 cxb5 55. Kb4 Kd5 56. Kxb5 Bd7+ 57. Kb4 Kd4 58. Nb5+ {Black resigns} 1-0

[Event "Team 45 45 League T52"]
[Site "Internet Chess Club"]
[Date "2012.04.10"]
[Round "8"]
[White "Despair"]
[Black "AntMantis"]
[Result "0-1"]
[WhiteElo "1981"]
[BlackElo "2100"]
[Opening "Benko's opening"]
[ECO "A00"]
[Time "11:02:30"]
[TimeControl "2700+45"]

1. g3 d5 2. Bg2 Nf6 3. d3 e5 4. Nf3 Bd6 5. O-O O-O 6. b3 Bf5 7. Bb2 Nbd7 8. Nbd2
Qe7 9. c4 c6 10. Rc1 b5 11. e4 Be6 12. d4 Nxe4 13. Nxe4 dxe4 14. Nxe5 Bxe5 15.
Bxe4 Bf6 16. Bxc6 bxc4 17. Bxa8 Rxa8 18. bxc4 Nb6 19. Re1 Qc7 20. Qe2 h6 21. c5
Nd5 22. Qe4 Rb8 23. Rb1 Ne7 24. Bc3 Bxa2 25. Ba5 Qc8 26. Rxb8 Qxb8 27. Bc3 Bd5
28. Qd3 Qc8 29. f4 Bb7 30. Qb5 a6 31. Qa4 Bc6 32. Qb3 Qh3 33. Qb2 Qf5 34. Qb8+
Kh7 35. Qb1 Qxb1 36. Rxb1 Nd5 37. Bb2 a5 38. Kf2 a4 39. Rd1 Kg6 40. Rd3 Kf5 41.
Rd2 Ke4 42. Re2+ Kd3 43. Ke1 Kc4 44. Rd2 Bd8 45. Re2 Kb3 46. Ba1 a3 47. Kf2 Ba5
48. f5 Bc3 49. Bxc3 Nxc3 50. Re1 a2 {White resigns} 0-1

[Event "Team 45 45 League T52"]
[Site "Internet Chess Club"]
[Date "2012.04.08"]
[Round "8"]
[White "badmove"]
[Black "ivanson"]
[Result "1-0"]
[WhiteElo "1724"]
[BlackElo "1828"]
[Opening "King's Indian: Makagonov system (5.h3)"]
[ECO "E71"]
[Time "16:30:37"]
[TimeControl "2700+45"]

1. d4 Nf6 2. c4 g6 3. Nc3 Bg7 4. e4 d6 5. h3 O-O 6. Nf3 Na6 7. Bg5 Qe8 8. g4 e5
9. d5 Nd7 10. Rg1 Kh8 11. Be2 f5 12. gxf5 gxf5 13. Nh4 Ndc5 14. Bh5 Qd7 15. Ng6+
hxg6 16. Bxg6 Kg8 17. Qh5 Rf7 18. Qh7+ Kf8 19. Bxf7 Qxf7 20. Bh6 Nd3+ 21. Kd2
Bxh6+ 22. Qxh6+ Ke8 23. Qh8+ {Black resigns} 1-0

[Event "Team 45 45 League T52"]
[Site "Internet Chess Club"]
[Date "2012.04.08"]
[Round "8"]
[White "chiiwen"]
[Black "ben622"]
[Result "0-1"]
[WhiteElo "2204"]
[BlackElo "2019"]
[Opening "Alekhine's defense: exchange variation"]
[ECO "B03"]
[Time "20:01:38"]
[TimeControl "2700+45"]

1. e4 Nf6 2. e5 Nd5 3. d4 d6 4. c4 Nb6 5. exd6 cxd6 6. Nc3 g6 7. Be3 Bg7 8. Rc1
O-O 9. b3 Nc6 10. d5 Ne5 11. h3 e6 12. dxe6 Bxe6 13. Be2 d5 14. c5 Nc6 15. Nf3
d4 16. Bg5 f6 17. cxb6 fxg5 18. Ne4 Bd5 19. Nc5 axb6 20. Nd3 Rxa2 21. O-O Re8
22. Nd2 Qe7 23. Re1 Qf7 24. Bf3 Rxe1+ 25. Nxe1 g4 26. Bxd5 Qxd5 27. Rc2 Rxc2 28.
Qxc2 gxh3 29. gxh3 Qg5+ 30. Kf1 Qd5 31. Ne4 Qe6 32. Ng5 Qd5 33. Ne4 h6 34. f3
Kh7 35. Nd3 Qb5 36. Kg2 Qf5 37. Qc4 Ne5 38. Nxe5 Qxe5 39. Qf7 d3 40. Qxb7 Qb2+
41. Kg3 Qd4 {White resigns} 0-1

[Event "Team 45 45 League T52"]
[Site "Internet Chess Club"]
[Date "2012.04.08"]
[Round "8"]
[White "cesaralexander"]
[Black "pmcglothin"]
[Result "0-1"]
[WhiteElo "1903"]
[BlackElo "1938"]
[Opening "King's Indian: Four pawns attack"]
[ECO "E76"]
[Time "06:35:28"]
[TimeControl "2700+45"]

1. d4 Nf6 2. c4 g6 3. Nc3 Bg7 4. e4 d6 5. f4 Bg4 6. Qa4+ c6 7. h3 Bd7 8. Qb3 Qc7
9. Nf3 O-O 10. Bd3 a5 11. Na4 b5 12. cxb5 cxb5 13. Nc3 b4 14. Ne2 Qb7 15. Ng3
Bc6 16. d5 Bb5 17. O-O Na6 18. Bxb5 Qxb5 19. Be3 Nc5 20. Bxc5 Qxc5+ 21. Kh1 Rfc8
22. Rac1 Qb6 23. a3 Nd7 24. axb4 axb4 25. Rxc8+ Rxc8 26. Nd2 Nc5 27. Qc2 b3 28.
Qc4 Ra8 29. Rf3 Ra1+ 30. Kh2 Bxb2 31. Nxb3 Nxb3 32. Rxb3 Qg1# {White checkmated}
0-1

[Event "Team 45 45 League T52"]
[Site "Internet Chess Club"]
[Date "2012.04.09"]
[Round "8"]
[White "Bonneville"]
[Black "room-matt"]
[Result "1-0"]
[WhiteElo "1937"]
[BlackElo "1769"]
[Opening "Giuoco Piano"]
[ECO "C54"]
[Time "14:07:03"]
[TimeControl "2700+45"]

1. e4 e5 2. Nf3 Nc6 3. Bc4 Bc5 4. c3 Nf6 5. d4 exd4 6. cxd4 Bb4+ 7. Bd2 Bxd2+ 8.
Nbxd2 d5 9. exd5 Nxd5 10. Qb3 Nce7 11. O-O O-O 12. Rfe1 c6 13. a4 Qc7 14. Rac1
Be6 15. Ng5 Bf5 16. Bxd5 Nxd5 17. Qxd5 Qf4 18. Qb3 Qxg5 19. Nf3 Qf4 20. Qxb7 Be4
21. Rc3 Rab8 22. Qxa7 Rxb2 23. Qe7 Bd5 24. Rce3 g6 25. Qe5 Qxe5 26. Nxe5 Ra2 27.
Nd7 Rd8 28. Nc5 Rb8 29. Re8+ Rxe8 30. Rxe8+ Kg7 31. h3 Ra1+ 32. Kh2 Rf1 33. Kg3
Rg1 34. f3 Ra1 35. Re3 h6 36. Kf4 g5+ 37. Ke5 Rg1 38. Re2 Ra1 39. Rd2 Kg6 40.
Kd6 Kf5 41. Re2 Kf4 42. Nd3+ Kf5 43. Nb4 Rxa4 44. Nxd5 cxd5 45. Kxd5 Ra5+ 46.
Kc6 Kf4 47. d5 f5 48. d6 Ra6+ 49. Kd5 h5 50. d7 Ra5+ 51. Kc6 Ra6+ 52. Kb7 Rd6
53. Kc7 Rd4 54. d8=Q Rxd8 55. Kxd8 Kg3 56. Ke7 g4 57. fxg4 fxg4 58. Kf6 h4 59.
hxg4 Kxg4 60. Re3 Kf4 61. Rf3+ Kg4 62. Kg6 h3 63. gxh3+ Kh4 64. Kf6 {Black
resigns} 1-0

[Event "Team 45 45 League T52"]
[Site "Internet Chess Club"]
[Date "2012.04.07"]
[Round "8"]
[White "FlyingTiger"]
[Black "DarkFlow"]
[Result "0-1"]
[WhiteElo "1692"]
[BlackElo "1967"]
[Opening "Scotch gambit: Dubois-Réti defense"]
[ECO "C55"]
[Time "09:00:20"]
[TimeControl "2700+45"]

1. e4 e5 2. Nf3 Nc6 3. d4 exd4 4. Bc4 Nf6 5. e5 Ne4 6. Qe2 Nc5 7. c3 d3 8. Bxd3
Nxd3+ 9. Qxd3 Be7 10. Bf4 O-O 11. O-O f6 12. Bg3 fxe5 13. Nxe5 Nxe5 14. Bxe5 d5
15. Qg3 Bf6 16. Bxc7 Qd7 17. Be5 Qb5 18. b3 Bd7 19. Nd2 Rae8 20. Bxf6 Rxf6 21.
Nf3 Rg6 22. Qh4 Qd3 23. Ne5 Rxe5 24. Qd8+ Be8 25. Rad1 Qh3 26. g3 Qd7 27. Qa5
Ra6 28. Qb4 Rxa2 29. Qd4 Qf5 30. Rde1 Rxe1 31. Rxe1 Bc6 32. Qe3 Qe4 33. Qc1 Qf3
{White resigns} 0-1

[Event "Team 45 45 League T52"]
[Site "Internet Chess Club"]
[Date "2012.04.08"]
[Round "8"]
[White "LittleWarrior"]
[Black "Pacini"]
[Result "1-0"]
[WhiteElo "2038"]
[BlackElo "2118"]
[Opening "English opening"]
[ECO "A30"]
[Time "12:19:29"]
[TimeControl "2700+45"]

1. Nf3 Nf6 2. c4 c5 3. Nc3 g6 4. e4 d6 5. d4 cxd4 6. Nxd4 Nc6 7. Be2 Bg7 8. Be3
O-O 9. Qd2 Nxd4 10. Bxd4 Bd7 11. f3 Bc6 12. O-O a5 13. b3 Nd7 14. Bxg7 Kxg7 15.
Rfd1 Qb6+ 16. Qd4+ Qxd4+ 17. Rxd4 Nc5 18. Rdd1 f5 19. exf5 gxf5 20. Bd3 Rad8 21.
Bc2 e6 22. Re1 Kf6 23. a3 Na6 24. Rad1 h5 25. Kf2 Rf7 26. Rd2 Rg7 27. Ne2 e5 28.
Ng3 Rg5 29. h4 Rxg3 30. Kxg3 Nc5 31. Red1 f4+ 32. Kf2 Ke7 33. Re1 Kf6 34. Red1
Ke7 35. b4 axb4 36. axb4 Ne6 37. Bg6 Nd4 38. Re1 Kf6 39. Bxh5 Rh8 40. Bg4 Rxh4
41. Rxd4 exd4 42. Re6+ Kf7 43. Rxd6 Ke7 44. Rxd4 b5 45. Rxf4 bxc4 46. Rxc4 Kd6
47. Rc5 Rh1 48. Bf5 Rd1 49. Rc2 Rd4 50. Rb2 Bb5 51. Ke3 Ke5 52. g3 Rd1 53. Be4
Re1+ 54. Kf2 Rd1 55. Rc2 Kd4 56. Kg2 Bd7 57. g4 Ke3 58. Kg3 Rg1+ 59. Kh4 Bxg4
60. fxg4 Kxe4 61. Kg5 Ke5 62. Rb2 {Black resigns} 1-0